 Dungeon Crawl Stone Soup version 0.28-a0-384-g9e0c098162 (webtiles) character file.

Game seed: 5703230114865377930

5567 serber55 the Carver (level 10, -5/56 HPs)
             Began as a Demonspawn Monk on Sept 1, 2021.
             Was a Priest of Makhleb.
             Slain by a lorocyproca (6 damage)
             ... on level 2 of the Abyss on Sept 2, 2021.
             The game lasted 00:36:30 (11108 turns).

serber55 the Carver (Demonspawn Monk)              Turns: 11108, Time: 00:36:31

Health: -5/56      AC: 18    Str: 14      XL:     10   Next: 44%
Magic:  0/13       EV:  8    Int: 10 (11) God:    Makhleb [***...]
Gold:   464        SH: 14    Dex: 17      Spells: 9/9 levels left

rFire   + . .      SeeInvis .   C - +3 long sword (elec)
rCold   . . .      Faith    .   e - +0 kite shield
rNeg    + . .      Spirit   +   y - +5 scale mail "Hoolaorr" {rN+}
rPois   .          Reflect  .   n - +1 helmet
rElec   .          Harm     .   l - +0 cloak
rCorr   .          Rampage  .   t - +0 pair of gloves
Will    .....      Rnd*Rage +   (no boots) Stlth +.........Rnd*Tele +
                                u - amulet of guardian spirit
HPRegen 0.00/turn               g - +4 ring of protection
MPRegen 0.13/turn               o - ring of protection from fire

@: very slightly contaminated, inhibited regen, invisible, unable to read
A: claws 1, large bone plates 1, demonic guardian 2, demonic magic 1, inhibited
regeneration, [berserk 2], [deformed body], deterioration 1[+1], [frail 3],
[screaming 2], [teleportitis 2], [no potion heal 2], [inability to read while
threatened]
a: Renounce Religion, Minor Destruction, Lesser Servant of Makhleb


You were on level 2 of the Abyss.
You worshipped Makhleb.
Makhleb was most pleased with you.
You visited 2 branches of the dungeon, and saw 10 of its levels.
You visited the Abyss 1 time.

You collected 464 gold pieces.

Inventory:

Hand Weapons
 C - a +3 long sword of electrocution (weapon)
Missiles
 f - 2 throwing nets
 i - 33 poisoned darts (quivered)
Armour
 a - a +3 leather armour
 e - a +0 kite shield (worn)
 l - a +0 cloak (worn)
 n - a +1 helmet (worn)
 t - a +0 pair of gloves (worn)
 y - the +5 scale mail "Hoolaorr" (worn) {rN+}
   (You took it off a kobold brigand on level 8 of the Dungeon)

   rN:        It protects you from negative energy.
Jewellery
 g - a +4 ring of protection (left hand)
 o - a ring of protection from fire (right hand)
 q - a +6 ring of intelligence
 u - an amulet of guardian spirit (around neck)
 A - a ring of positive energy
Wands
 h - a wand of acid (3)
 k - a wand of flame (21)
 r - a wand of iceblast (4)
 x - a wand of polymorph (19)
Scrolls
 s - a scroll of fog
 z - a scroll of identify
 D - 3 scrolls of magic mapping
Potions
 b - a potion of heal wounds
 c - 3 potions of curing
 j - 4 potions of brilliance
 m - a potion of might
 w - a potion of flight
 B - 3 potions of lignification {unknown}


   Skills:
 + Level 8.0 Fighting
 * Level 10.0 Long Blades
 + Level 5.1 Armour
 - Level 2.6 Dodging
 - Level 1.7 Stealth
 + Level 5.0 Shields
 - Level 5.0 Invocations


You had 9 spell levels left.
You didn't know any spells.
Your spell library contained the following spells:

 Spells                   Type           Power      Damage    Failure   Level
 Sublimation of Blood     Necr           0%         N/A       100%        2
 Wereblood                Tmut           0%         N/A       100%        2
 Summon Hydra             Summ           0%         N/A       100%        7


Dungeon Overview and Level Annotations

Branches:
Dungeon (9/15)             Temple (1/1) D:6            Lair (0/6) D:9
    Orc: D:9-12

Altars:
Dithmenos
Elyvilon
Kikubaaqudgha
Makhleb
Nemelex Xobeh
Ru
Sif Muna
Trog
Wu Jian
Xom
Yredelemnul
Zin
The Shining One
Jiyva

Shops:
D:4 =

Annotations:
D:9 2 transporters, CraigForest's ghost, novice GrIE; Erolcha


Innate Abilities, Weirdness & Mutations

You have sharp fingernails.
You are partially covered in large bone plates. (SH +4)
A demonic guardian rushes to your aid.
Spells you cast may paralyse adjacent enemies.
You do not regenerate when monsters are visible.
[You often lose your temper in combat.]
[Armour fits poorly on your strangely shaped body.]
[Your body often deteriorates upon taking damage.]
[You are extremely frail. (-30% HP)]
[You frequently scream uncontrollably at your foes.]
[You are sometimes teleported next to monsters.]
[Potions cannot restore your health.]
[You sometimes lose the ability to read scrolls when taking damage.]


Message History

You closely miss the wretched star.
The wretched star is lightly damaged.
The wretched star pulses with an eldritch light!
You lose the ability to read scrolls when threatened.
Your orange demon twists and deforms.
Your orange demon stings the wretched star from afar.
Unknown command.
You hit the wretched star but do no damage.
The wretched star is lightly damaged.
A large abomination comes into view.
Your orange demon stings the wretched star but does no damage.
The wretched star pulses with an eldritch light!
You feel frail.
You feel the urge to shout.
You feel a strong urge to scream.
Your orange demon twists and deforms.
You fade into invisibility!
Your orange demon stings the wretched star from afar.
The wretched star pulses with an eldritch light!
You feel a little pissed off.
You feel angry.
Your orange demon twists and deforms.
You are very lightly contaminated with residual magic.
Your orange demon stings the wretched star from afar.
The wretched star glows turbulently.
The lance of force hits you!!
You feel threatened and lose the ability to read scrolls!
* * * LOW HITPOINT WARNING * * *
A demonic guardian appears!
* * * LOW HITPOINT WARNING * * *
The large abomination barely misses your orange demon.
Something hits your orange demon!!
Your orange demon misses the wretched star.
Something hits your orange demon!!
Your orange demon dies!
Your orange demon disappears in a puff of smoke!
You hear a chilling moan.
Something hits you!
* * * LOW HITPOINT WARNING * * *
Your body deteriorates!
You feel dopey.
You feel your power leaking away.
Deactivating autopickup; reactivate with Ctrl-A.
Found a club.
Something hits you.
You die...

.######....##
..# ##.....#
#.#....#####
##.........# #
#.#...X#.###
##.*4..#.#..
###..#.##.#...#
#..##.## .#..##
#.#@#.## .# ...
# ##..# ## #.#
#...# . ..#.)
..# ..# ### ..
.


There were no monsters in sight!

Vanquished Creatures
  2 two-headed ogres (D:9)
  A sixfirhy (Abyss:2)
  A freezing wraith (Abyss:2)
  Prince Ribbit (D:7)
  An air elemental (Abyss:2)
  A fire bat (shapeshifter) (D:9)
  A steam dragon (D:8)
  A neqoxec (Abyss:2)
  An orc warrior (D:7)
  2 black bears
  2 necrophages (D:6)
  A centaur (D:7)
  2 ogres
  A kobold brigand (D:8)
  A bullfrog (D:6)
  5 scorpions
  2 killer bees (D:9)
  6 wights
  3 howler monkeys
  3 centaur zombies
  A jelly (D:6)
  3 orc priests
  A hound (D:6)
  2 gnoll shamans
  A bullfrog skeleton (D:4)
  6 iguanas
  5 orc wizards
  Natasha (thrice) (D:4)
  A small abomination (Abyss:2)
  A killer bee zombie (D:5)
  11 gnolls
  3 adders
  2 shadow imps
  A white imp (D:8)
  2 dart slugs
  10 orcs
  2 ball pythons
  3 endoplasms (D:1)
  A giant cockroach (D:1)
  6 hobgoblins
  2 quokkas
  2 bats (D:3)
  6 frilled lizards
  5 goblins
  A jackal skeleton (D:4)
  11 kobolds
  6 rats
136 creatures vanquished.

Vanquished Creatures (collateral kills)
  A neqoxec (Abyss:2)
  An ogre (D:4)
  A killer bee (D:9)
  2 orcs
  2 endoplasms
7 creatures vanquished.

Vanquished Creatures (others)
  An orc (D:9)
  7 plants (D:9)
  3 toadstools (D:1)
11 creatures vanquished.

Grand Total: 154 creatures vanquished

Notes
Turn   | Place    | Note
-------+----------+-------------------------------------------
     0 | D:1      | serber55 the Demonspawn Monk began the quest for the Orb.
     0 | D:1      | Reached XP level 1. HP: 18/18 MP: 1/1
   451 | D:1      | Reached skill level 3 in Long Blades
   451 | D:1      | Gained mutation: A weak demonic guardian rushes to your
                  | aid. [demonic ancestry]
   451 | D:1      | Reached XP level 2. HP: 20/24 MP: 2/2
  1830 | D:3      | Reached XP level 3. HP: 18/29 MP: 3/3
  1973 | D:3      | Reached skill level 1 in Armour
  2403 | D:4      | Reached skill level 1 in Shields
  2403 | D:4      | Reached XP level 4. HP: 18/35 MP: 4/4
  2414 | D:4      | Noticed Natasha
  2686 | D:4      | Killed Natasha
  2687 | D:4      | Gained mutation: You have sharp fingernails. [demonic
                  | ancestry]
  2687 | D:4      | Reached XP level 5. HP: 20/42 MP: 5/5
  2885 | D:4      | Noticed Natasha
  2901 | D:4      | Killed Natasha
  2902 | D:4      | Reached skill level 4 in Long Blades
  3235 | D:4      | Gained mutation: You are partially covered in large bone
                  | plates. (SH +4) [demonic ancestry]
  3235 | D:4      | Reached XP level 6. HP: 18/48 MP: 6/6
  3251 | D:4      | Noticed Natasha
  3940 | D:4      | Killed Natasha
  4063 | D:4      | Reached skill level 5 in Long Blades
  4154 | D:4      | Found Ogieposh's Jewellery Boutique.
  4620 | D:5      | Entered Level 5 of the Dungeon
  4665 | D:5      | Reached XP level 7. HP: 46/55 MP: 7/7
  4813 | D:5      | Found a basalt altar of Yredelemnul.
  4935 | D:5      | Upgraded the game from 0.28-a0-381-g937acc2988 to
                  | 0.28-a0-384-g9e0c098162
  5918 | D:5      | Found a shimmering altar of Xom.
  6034 | D:5      | Found a bloodstained altar of Trog.
  6268 | D:6      | Found a staircase to the Ecumenical Temple.
  6284 | Temple   | Entered the Ecumenical Temple
  6408 | Temple   | Became a worshipper of Makhleb the Destroyer
  6408 | Temple   | Reached * piety under Makhleb
  6408 | Temple   | Reached ** piety under Makhleb
  6454 | D:6      | Reached skill level 5 in Fighting
  6507 | D:6      | Reached skill level 1 in Invocations
  6546 | D:6      | Reached skill level 6 in Long Blades
  6546 | D:6      | Gained mutation: A demonic guardian rushes to your aid.
                  | [demonic ancestry]
  6546 | D:6      | Reached XP level 8. HP: 59/62 MP: 7/9
  7898 | D:7      | Reached skill level 7 in Long Blades
  8452 | D:7      | Noticed Prince Ribbit
  8459 | D:7      | Killed Prince Ribbit
  8460 | D:7      | Reached skill level 5 in Invocations
  8460 | D:7      | Gained mutation: Spells you cast may paralyse adjacent
                  | enemies. [demonic ancestry]
  8460 | D:7      | Reached XP level 9. HP: 71/71 MP: 12/12
  8496 | D:7      | Reached skill level 8 in Long Blades
  9427 | D:8      | Identified the +5 scale mail "Hoolaorr" {rN+}
  9613 | D:8      | Reached *** piety under Makhleb
  9981 | D:9      | Noticed a two-headed ogre
  9988 | D:9      | Killed a two-headed ogre
  9989 | D:9      | Reached skill level 9 in Long Blades
 10202 | D:9      | Noticed CraigForest's ghost (novice GrIE)
 10203 | D:9      | Noticed a two-headed ogre
 10207 | D:9      | Found a transporter.
 10210 | D:9      | Found a transporter.
 10307 | D:9      | Found a staircase to the Lair.
 10323 | D:9      | Noticed a two-headed ogre
 10349 | D:9      | Killed a two-headed ogre
 10350 | D:9      | Reached XP level 10. HP: 79/79 MP: 11/13
 10426 | D:9      | Noticed Erolcha
 10458 | D:9      | Cast into level 2 of the Abyss (Erolcha)
 10596 | Abyss:2  | Noticed a sixfirhy
 10606 | Abyss:2  | Killed a sixfirhy
 10609 | Abyss:2  | Noticed a smoke demon
 10611 | Abyss:2  | Noticed a starcursed mass
 10613 | Abyss:2  | Noticed a lich
 10614 | Abyss:2  | Noticed a spatial maelstrom
 10633 | Abyss:2  | Noticed an orange demon
 10692 | Abyss:2  | Noticed a thrashing horror
 10706 | Abyss:2  | Found a corrupted altar of Lugonu.
 10718 | Abyss:2  | Found a corrupted altar of Lugonu.
 10783 | Abyss:2  | Noticed a large abomination
 10787 | Abyss:2  | Found a broken altar of Ashenzari.
 10797 | Abyss:2  | Noticed a spatial maelstrom
 10897 | Abyss:2  | Reached skill level 5 in Armour
 10903 | Abyss:2  | Noticed a thrashing horror
 10986 | Abyss:2  | Gained mutation: You do not regenerate when monsters are
                  | visible. [a neqoxec]
 10988 | Abyss:2  | Gained mutation: [Your body sometimes deteriorates upon
                  | taking damage.] [a neqoxec]
 10991 | Abyss:2  | Reached skill level 5 in Shields
 11003 | Abyss:2  | Paralysed by an air elemental for 1 turns
 11010 | Abyss:2  | Paralysed by an air elemental for 1 turns
 11013 | Abyss:2  | Paralysed by an air elemental for 1 turns
 11016 | Abyss:2  | Paralysed by an air elemental for 1 turns
 11018 | Abyss:2  | Reached skill level 10 in Long Blades
 11092 | Abyss:2  | Noticed a wretched star
 11101 | Abyss:2  | Noticed a large abomination
 11107 | Abyss:2  | HP: 1/56 [something (7)]
 11108 | Abyss:2  | Slain by a lorocyproca

Illustrated notes

Levels and vault maps discovered:
D:1:      lemuel_arrival_behind_the_door_large, layout_basic,
          minmay_gold_behind_fungi, kennysheep_decorative_pillar
D:2:      layout_loops_ring
D:3:      layout_rooms, minmay_crystal_water
D:4:      layout_basic, serial_shops, nicolae_shop_trees,
          hangedman_decor_diamond_cutter, uniq_natasha
D:5:      layout_basic, lemuel_crystal_altar, nicolae_overflow_hidden_temple
D:6:      layout_layer_cave, minmay_temple_entry_overgrown
D:7:      layout_loops_ring, hangedman_decor_riveting, uniq_prince_ribbit1
D:8:      layout_basic
D:9:      layout_layer_cave, fedhas_ov_isle_minmay,
          mainiacjoe_overflow_cross_hatched, lair_entry_dummy,
          gammafunk_ghost_arena, uniq_erolcha
Temple:   pf_slime_end_temple
Abyss:2:  base: D:6, hangedman_summoners_spam, bh_abyss_exit_grid,
          hangedman_cross_veins, hangedman_abyss_batty_box

Skill      XL: |  1  2  3  4  5  6  7  8  9 10 |
---------------+-------------------------------+-----
Long Blades    | 3 4 5 6 7 9 10 | 10.0
Armour         | 1 2 3 4 5 |  5.1
Shields        | 1 2 3 4 5 |  5.0
Fighting       | 4 5 6 7 8 |  8.0
Invocations    | 1 5 |  5.0
Dodging        | |  2.6
Stealth        | |  1.7

Action                   |  1- 3 |  4- 6 |  7- 9 | 10-12 || total
-------------------------+-------+-------+-------+-------++-------
Melee: Falchion          |   108 |   150 |   316 |       ||   574
       Long sword        |       |       |   101 |    88 ||   189
Throw: Dart              |       |     7 |    10 |       ||    17
Invok: Minor Destruction |       |       |     2 |       ||     2
       Lesser Servant of |       |       |       |     3 ||     3
Evoke: Wand              |       |       |     9 |     1 ||    10
  Use: Scroll            |       |    10 |     8 |     5 ||    23
       Potion            |       |     1 |     1 |     9 ||    11
 Stab: Sleeping          |     4 |     1 |       |       ||     5
Armor: Robe              |     8 |       |       |       ||     8
       Ring mail         |    44 |    61 |   166 |       ||   271
       Leather armour    |       |       |    10 |       ||    10
       Scale mail        |       |       |     7 |    67 ||    74
Dodge: Dodged            |    51 |    40 |   130 |    26 ||   247
Block: Kite shield       |    39 |    85 |   326 |    60 ||   510

Table legend: (Time is in decaauts)
 A = Elapsed time spent in this place.
 B = Non-inter-level travel time spent in this place.
 C = Inter-level travel time spent in this place.
 D = Time resting spent in this place.
 E = Time spent auto-exploring this place.
 F = Levels seen in this place.
 G = Mean time per level.
                   A        B        C        D        E       F      G
               +--------+--------+--------+--------+--------+-----+--------+
         Total |  11339 |  11096 |    243 |   2721 |   6180 |  11 | 1030.8 |
       Dungeon |  10521 |  10300 |    221 |   2513 |   5996 |   9 | 1169.0 |
        Temple |    148 |    126 |     22 |      0 |    114 |   1 |  148.0 |
         Abyss |    669 |    669 |      0 |    208 |     70 |   1 |  669.0 |
               +--------+--------+--------+--------+--------+-----+--------+

Top non-repeatable levels by time:
     D:4: 2305 daAuts
     D:6: 1657 daAuts
     D:5: 1512 daAuts
     D:1: 1242 daAuts
     D:8: 1153 daAuts
     D:7: 982 daAuts
 Abyss:2: 669 daAuts
     D:3: 667 daAuts
     D:2: 515 daAuts
     D:9: 484 daAuts
  Temple: 148 daAuts
